Map: Shrines of Lizul

Players

Zoundz - Winner!

  • Race: Protoss Protoss
  • Spawn Location: 3:00

ruger - Winner!

  • Race: Zerg Zerg
  • League: Platinum
  • Spawn Location: 12:00

MonstroTown

  • Race: Terran Terran
  • Spawn Location: 6:00

Michael

  • Race: Zerg Zerg
  • Spawn Location: 9:00

VOD

Have the link to the VOD?

Description

Time

  • Played on: Sept. 1, 2018, 5:36 p.m.
  • Length: 17:27
Show
View Real Time Build Order
Export as new Build Order

Zoundz Protoss - Winner!

Build Orders:  

Get SALT Encoding   

  12  0:03  Probe  
  13  0:15  Probe  
  14  0:24  Pylon  
  14  0:27  Probe  
  15  0:42  Probe  
  16  0:46  Gateway  
  16  0:54  Probe  
  17  0:58  Assimilator  
  17  1:05  Probe  
  18  1:13  Probe  
  18  1:14  Pylon  
  19  1:32  Gateway  
  19  1:36  Cybernetics Core  
  19  1:38  Probe  
  20  1:43  Zealot  
  22  2:15  Zealot  
  24  2:20  Zealot  
  26  2:22  Probe  
  26  2:28  Assimilator  
  26  2:30  Probe  
  27  2:40  Probe  
  28  2:51  Stalker  
  30  2:58  Pylon  
  30  3:13  Probe  
  30  3:16  Stalker  
  33  3:21  Probe  
  34  3:27  Gateway  
  34  3:41  Zealot  
  34  3:45  Twilight Council  
  36  3:57  Zealot  
  36  3:59  Charge  
  38  4:08  Gateway  
  38  4:15  Forge  
  38  4:34  Pylon  
  38  4:43  Pylon  
  38  4:52  Zealot x3  
  44  4:59  Warp Gate  
  44  5:01  Zealot  
  46  5:10  Photon Cannon  
  46  5:12  Photon Cannon  
  46  5:31  Zealot x2  
  46  5:32  Zealot x2  
  44  6:40  Zealot x2  
  44  6:41  Zealot  
  44  6:42  Zealot  
  41  7:16  Zealot x3  
  41  7:17  Zealot  
  31  7:39  Pylon  
  25  7:57  Stalker  
  27  8:00  Stalker  
  27  8:02  Stalker  
  27  8:04  Stalker  
  23  8:49  Pylon  
  23  8:53  Probe  
  20  9:05  Probe  
  21  9:17  Probe  
  22  9:24  Photon Cannon  
  22  9:25  Probe  
  23  9:33  Probe  
  24  9:42  Probe  
  25  9:50  Probe  
  25  9:54  Blink  
  25  9:58  Probe  
  27  10:10  Probe  
  28  10:16  Zealot x3  
  34  10:22  Probe  
  35  10:37  Stalker  
  37  11:34  Nexus  
  37  11:46  Pylon  
  37  12:07  Stalker x3  
  43  12:25  Photon Cannon  
  43  12:49  Probe  
  43  12:57  Probe  
  41  13:08  Probe  
  41  13:10  Zealot x2  
  46  13:20  Probe  
  47  13:32  Probe  
  48  13:36  Stargate  
  48  13:44  Probe  
  49  13:56  Probe  
  49  14:01  Assimilator  
  50  14:03  Assimilator  
  50  14:08  Probe  
  51  14:33  Stalker x2  
  51  14:34  Stalker  
  51  14:35  Stalker  
  59  15:07  Stalker x3  
  59  15:08  Stalker  
  67  15:19  Void Ray  
  71  15:57  Zealot  
  71  15:58  Zealot x3  
  79  16:06  Void Ray, Probe  
  84  16:14  Probe  
  85  16:24  Probe  
  86  16:36  Probe  
  87  16:48  Probe  
  88  17:02  Stalker  
  88  17:03  Stalker x2  
  94  17:12  Probe, Pylon  
  94  17:13  Pylon  
Show
View Real Time Build Order
Export as new Build Order

ruger Zerg - Winner!

Build Orders: Pool First, Swarm Host 

Get SALT Encoding   

  12  0:07  Drone  
  12  0:12  Drone  
  14  0:25  Extractor  
  14  0:27  Extractor, Drone x2  
  15  0:42  Spawning Pool  
  14  0:46  Extractor  
  14  0:47  Drone  
  15  1:12  Hatchery  
  14  1:20  Overlord  
  14  1:38  Zergling x6  
  17  1:45  Metabolic Boost  
  17  1:53  Queen  
  19  2:04  Spine Crawler  
  19  2:08  Drone  
  19  2:09  Drone  
  20  2:24  Zergling x4  
  22  2:41  Zergling x6  
  25  2:51  Overlord  
  25  2:58  Zergling x6  
  28  3:11  Zergling x2  
  28  3:12  Zergling x8  
  26  3:55  Zergling x8  
  28  3:56  Zergling x10  
  26  4:17  Zergling x4  
  26  4:20  Zergling x2  
  26  4:21  Zergling x2  
  30  4:30  Zergling x2  
  30  4:31  Zergling x2  
  32  4:44  Zergling x8  
  36  4:48  Overlord  
  36  5:13  Drone x2  
  38  5:15  Drone  
  38  5:19  Extractor  
  38  5:24  Drone x3  
  38  5:25  Roach Warren  
  38  5:28  Drone x3  
  42  5:29  Drone  
  42  5:35  Spine Crawler  
  32  6:13  Roach x6  
  37  6:28  Lair  
  36  6:37  Zergling x8  
  40  6:53  Zergling x4  
  40  6:54  Zergling x4  
  44  6:56  Overlord  
  36  7:45  Glial Reconstitution  
  36  7:51  Hydralisk Den, Roach x5  
  42  7:52  Roach x3  
  42  7:57  Overlord x2  
  43  8:42  Muscular Augments  
  43  8:43  Hydralisk x5  
  53  8:59  Ravager  
  54  9:54  Overseer  
  54  10:03  Hatchery  
  54  10:05  Hydralisk x5  
  54  10:06  Hydralisk x2  
  62  11:00  Zergling x8  
  62  11:01  Zergling x4  
  68  11:08  Grooved Spines  
  68  11:13  Overlord x2  
  68  11:48  Drone  
  68  11:49  Drone x6  
  68  11:50  Drone x5  
  80  12:15  Extractor, Spore Crawler  
  78  12:16  Extractor  
  63  13:38  Queen  
  63  13:39  Infestation Pit  
  64  13:52  Overlord x4  
  64  14:17  Swarm Host x2  
  64  14:18  Swarm Host x5  
  64  14:19  Swarm Host x4  
  97  14:28  Drone x2  
  97  14:29  Drone  
  97  14:30  Overlord  
  97  14:31  Overlord x3  
  96  15:06  Hydralisk x5  
  102  15:07  Hydralisk x5  
Show
View Real Time Build Order
Export as new Build Order

MonstroTown Terran 

Build Orders: MMM Bio 

Get SALT Encoding   

  12  0:01  SCV  
  13  0:13  SCV  
  14  0:18  Supply Depot  
  14  0:25  SCV  
  15  0:30  Refinery  
  15  0:40  SCV  
  16  0:45  Barracks  
  16  0:52  SCV  
  17  0:57  Refinery  
  17  1:04  SCV  
  18  1:16  SCV  
  19  1:32  Orbital Command  
  19  1:35  Reaper  
  19  1:39  Factory  
  20  1:49  Supply Depot  
  20  1:58  SCV  
  21  2:14  SCV  
  22  2:17  Barracks Reactor  
  22  2:27  Hellion  
  22  2:29  Barracks  
  24  2:55  SCV  
  25  3:07  SCV  
  25  3:08  Factory Reactor  
  25  3:10  Factory Tech Lab  
  26  3:15  Marine  
  26  3:16  Marine  
  26  3:19  SCV  
  29  3:20  Command Center, Barracks Tech Lab  
  29  3:31  SCV  
  30  3:49  Marine  
  31  3:56  Supply Depot, Marauder, Marine  
  36  4:09  Siege Tank  
  37  4:31  SCV  
  37  4:35  Engineering Bay  
  38  4:39  Stimpack  
  38  4:40  Marine x2  
  38  4:43  Orbital Command  
  40  4:52  Marauder  
  42  4:53  SCV  
  43  5:02  Terran Infantry Weapons Level 1  
  43  5:03  Marine x2  
  45  5:07  SCV  
  45  5:12  SCV  
  47  5:16  Siege Tank  
  47  5:19  SCV  
  51  5:23  Marine x2  
  51  5:24  SCV  
  54  5:41  Starport  
  54  5:43  SCV x2  
  55  5:55  SCV  
  53  6:03  Liberator  
  37  6:08  Marine x2  
  37  6:09  Marauder  
  41  6:19  Siege Tank  
  47  6:26  Marine x2  
  47  6:29  Barracks x2  
  47  6:30  Marine  
  50  6:43  Marine  
  50  6:44  Marine  
  43  7:43  Marine x3  
  46  7:46  Marine  
  46  7:47  Marine  
  48  8:02  Marauder  
  45  8:32  Marine x2  
  45  8:33  Marine  
  31  8:54  Marine x2  
  31  8:55  Marine x3  
  36  9:01  Combat Shields  
  35  9:12  Marine x2  
  35  9:15  Marine x2  
  37  9:23  Marine  
  38  9:35  Barracks  
  38  9:37  Barracks  
  38  9:38  Siege Tank  
  38  9:40  Barracks  
  38  9:41  Barracks Reactor  
  38  9:42  Marine  
  38  9:43  Liberator  
  38  9:44  Terran Infantry Armor Level 1  
  42  9:50  Marine x3  
  45  9:57  Engineering Bay  
  45  9:58  Starport  
  45  10:04  Orbital Command  
  48  10:29  Marine  
  48  10:50  SCV x2  
  47  11:02  SCV  
  47  11:12  SCV  
  47  11:14  SCV  
  47  11:17  Siege Tank  
  52  11:22  Marine x2  
  52  11:23  Marine x3  
  52  11:24  SCV  
  52  11:25  Barracks Tech Lab  
  58  11:32  Armory  
  58  11:43  Marine  
  58  11:44  Marine x2  
  61  12:03  Supply Depot x2  
  61  12:12  Command Center  
  61  12:17  Concussive Shells  
  61  12:21  Terran Infantry Armor Level 2, Terran Infantry Weapons Level 2  
  61  12:24  Medivac  
  61  12:28  Supply Depot  
  61  12:29  Supply Depot  
  60  12:51  Marine x4  
  40  12:52  Marine x4  
  43  13:07  Marine  
  43  13:09  Marine  
  32  13:51  Marine x3  
  32  13:52  Marine  
  36  13:59  Orbital Command  
  36  14:29  Command Center  
Show
View Real Time Build Order
Export as new Build Order

Michael Zerg 

Build Orders: Hatch First 

Get SALT Encoding   

  12  0:01  Drone  
  13  0:12  Overlord  
  13  0:18  Drone  
  14  0:31  Drone x2  
  14  0:34  Drone  
  17  0:45  Drone  
  18  0:58  Hatchery  
  17  1:05  Drone  
  17  1:07  Extractor  
  17  1:17  Spawning Pool  
  16  1:20  Drone  
  16  1:24  Drone  
  18  1:30  Drone  
  19  1:39  Drone  
  20  1:49  Overlord  
  20  2:06  Queen  
  22  2:09  Metabolic Boost  
  22  2:11  Queen  
  22  2:15  Zergling x2  
  25  2:17  Zergling x2  
  25  2:21  Zergling x2  
  26  2:45  Spine Crawler  
  25  2:51  Spine Crawler  
  24  3:05  Drone  
  24  3:06  Drone x4  
  24  3:08  Drone  
  30  3:21  Roach Warren  
  30  3:23  Extractor  
  30  3:24  Drone  
  22  3:46  Drone  
  22  3:47  Drone x3  
  26  3:50  Queen  
  21  4:06  Spine Crawler  
  21  4:09  Drone  
  20  4:10  Drone  
  20  4:11  Drone  
  20  4:13  Drone x2  
  20  4:14  Queen  
  25  4:19  Drone x2  
  25  4:20  Drone  
  25  4:21  Drone  
  25  4:22  Drone  
  30  4:27  Drone  
  31  4:35  Lair  
  31  4:42  Drone  
  31  4:43  Spine Crawler  
  31  4:45  Drone  
  31  4:46  Drone  
  31  4:52  Drone  
  34  4:53  Drone x2  
  36  5:02  Extractor  
  36  5:03  Extractor  
  36  5:05  Spore Crawler  
  33  5:07  Spine Crawler  
  33  5:11  Drone, Spore Crawler  
  33  5:12  Drone  
  33  5:18  Drone x2  
  33  5:20  Drone  
  36  5:25  Overlord  
  36  5:29  Overlord  
  36  5:40  Hydralisk Den  
  35  5:44  Spore Crawler  
  35  5:49  Roach x3  
  37  5:50  Roach  
  37  5:55  Roach  
  24  6:05  Zergling x2  
  24  6:07  Zergling x2  
  24  6:20  Roach  
  24  6:23  Zergling x2  
  21  6:30  Roach  
  21  6:31  Roach x3  
  24  6:37  Zergling x2  
  23  6:40  Zergling x2  
  21  6:54  Roach  
  15  7:09  Roach x2  
  8  7:25  Drone  
  5  7:38  Hydralisk  
  3  8:00  Hatchery  
  1  8:24  Drone x3  
  3  8:57  Hatchery  
  2  10:18  Spawning Pool  
  1  10:27  Drone  
  1  10:28  Drone  
  3  10:30  Drone  
  4  10:40  Drone  
  5  11:16  Queen  
  7  11:34  Hatchery  
  7  11:40  Drone  
  7  11:43  Drone  
  8  13:04  Drone  
  8  13:05  Drone  
  9  13:22  Drone x2  
  9  13:24  Queen  
  12  13:30  Drone  
  13  13:48  Drone  
  13  13:51  Drone  
  15  14:07  Drone  
  16  14:12  Drone  
  17  14:22  Drone  
  18  14:34  Drone x2  
  18  14:35  Drone  
  18  14:36  Drone  
  22  15:03  Spine Crawler  
  22  15:05  Spine Crawler x2  
  19  15:08  Spine Crawler  
  19  15:09  Spine Crawler  
  19  15:11  Spine Crawler  
  16  15:15  Spore Crawler  
  16  15:16  Drone x4, Spore Crawler  
  18  15:27  Drone  
  19  15:36  Drone  
  20  15:49  Spine Crawler  
  19  15:53  Drone  
  18  15:57  Drone  
  18  16:02  Drone  
  20  16:08  Drone  
  19  16:13  Drone  
  19  16:18  Drone  
  21  16:30  Spine Crawler  
  20  16:37  Spine Crawler  
  17  16:53  Spawning Pool  
  16  16:59  Overlord  
  16  17:07  Overlord  
Tags
 
Add a new tag
Caveats
  • Supply blocks, unpowered buildings, or Contaminate may cause inaccurate times.
  • Supply counts are checked every 10 seconds.